 Dungeon Crawl Stone Soup version 0.22-a0-348-gd16d139 (webtiles) character file.

200 Goblin1989 the Changer (level 5, 0/33 HPs)
             Began as an Octopode Transmuter on Apr 9, 2018.
             Killed from afar by mortelune's ghost (13 damage)
             ... with a puff of flame
             ... on level 3 of the Dungeon.
             The game lasted 00:06:15 (3358 turns).

Goblin1989 the Changer (Octopode Transmuter)        Turns: 3358, Time: 00:06:16

Health: 0/33       AC:  1    Str: 10    XL:     5   Next: 79%
Magic:  8/8        EV: 13    Int: 16    God:
Gold:   164        SH:  0    Dex: 12    Spells: 2/8 levels left

rFire    . . .     SeeInvis .     - Unarmed
rCold    . . .     Gourm    .   (no shield)
rNeg     . . .     Faith    .   (helmet restricted)
rPois    .         Spirit   .   (no amulet)
rElec    .         Reflect  .   (no ring)
rCorr    .         Harm     .   (no ring)
MR       .....                  (no ring)
Stlth    ++........             (no ring)
HPRegen  0.11/turn              (no ring)
MPRegen  0.11/turn              (no ring)
                                (no ring)
                                (no ring)

@: drained
A: almost no armour, stealthy swim, amphibious, 8 rings, constrict 8, camouflage
1, gelatinous body 1
a: no special abilities


You were on level 3 of the Dungeon.
You were not hungry.

You visited 1 branch of the dungeon, and saw 3 of its levels.

You collected 164 gold pieces.

Inventory:

Missiles
 a - 68 arrows
 f - 97 stones (quivered) {@Q3}
 l - 5 tomahawks
Scrolls
 h - a scroll of enchant armour {unknown}
 i - 2 scrolls of fear {unknown}
 k - a scroll of enchant weapon {unknown}
 p - 3 scrolls of identify {unknown}
 r - a scroll of blinking {unknown}
 t - a scroll of teleportation {unknown}
 v - a scroll of remove curse {unknown}
 w - a scroll of magic mapping {unknown}
Potions
 j - a potion of brilliance {unknown}
 m - a potion of resistance
 n - a potion of magic {unknown}
 o - 2 potions of flight {unknown}
 u - a potion of curing {unknown}
Comestibles
 e - 2 rations
 s - a chunk of flesh


   Skills:
 + Level 1.2(0.6) Fighting
 + Level 2.1(1.5) Dodging
 * Level 3.3(2.7) Unarmed Combat
 - Level 2.0(1.4) Spellcasting
 + Level 5.4(4.8) Transmutations


You had 2 spell levels left.
You knew the following spells:

 Your Spells              Type           Power        Failure   Level  Hunger
a - Beastly Appendage     Tmut           ###...       3%          1    ##.....
b - Sticks to Snakes      Tmut           ###.....     4%          2    ###....
c - Spider Form           Tmut/Pois      #.........   24%         3    ####...


Dungeon Overview and Level Annotations

Branches:
Dungeon (3/15)

Altars:

Annotations:
D:2 1 runed door
D:3 mortelune's ghost, amateur DrFE


Innate Abilities, Weirdness & Mutations

You cannot wear most types of armour.
You are very stealthy in the water. (Stealth+)
You are amphibious.
You can wear up to eight rings at the same time.
You can use your tentacles to constrict eight enemies at once.
Your skin changes colour to match your surroundings (Stealth+).
Your rubbery body absorbs attacks. (AC +1, EV +1)


Message History

Casting: Spider Form (safe; 21% risk of failure)
Confirm with . or Enter, or press ? or * to list all spells.
You miscast Spider Form.
The air around you crackles with energy!
You now have 2/8 mp.
You miss the adder. You grab the adder. You constrict the adder.
The adder closely misses you. The adder bites you.
You take 3 damage, and have 30/33 hp.
You tentacle-slap the adder.
The adder is lightly wounded.
You constrict the adder. The adder bites you.
You take 4 damage, and have 26/33 hp.
You tentacle-slap the adder.
The adder is severely wounded.
You constrict the adder. The adder barely misses you.
Some of the chunks of flesh in your inventory have rotted away.
You tentacle-slap the adder.
You kill the adder!
You tentacle-slap the dart slug. You grab the dart slug.
You kill the dart slug!
No target in view!
No target in view!
No target in view!
No target in view!
No target in view!
No target in view!
No target in view!
No target in view!
No target in view!
No target in view!
No target in view!
No target in view!
No target in view!
No target in view!
No target in view!
No target in view!
No target in view!
No target in view!
No target in view!
No target in view!
No target in view!
No target in view!
No target in view!
No target in view!
No target in view!
No target in view!
No target in view!
Eating one of 3 chunks of flesh.
You eat one of the 3 chunks of flesh.
This raw flesh tastes terrible.
Your magical contamination has completely faded away.
Some of the chunks of flesh in your inventory have rotted away.
A rat comes into view.
Health restored: 33; MP restored: 8 A rat is nearby!
A rat is nearby!
A rat is nearby!
Casting: Spider Form (safe; 21% risk of failure)
Confirm with . or Enter, or press ? or * to list all spells.
You turn into a venomous arachnid creature.
You now have 5/8 mp.
Your transformation is almost over.
You bite the rat!
You kill the rat!
No target in view!
No target in view!
No target in view!
No target in view!
No target in view!
No target in view!
No target in view!
No target in view!
No target in view!
No target in view!
No target in view!
No target in view!
No target in view!
No target in view!
No target in view!
No target in view!
No target in view!
No target in view!
No target in view!
No target in view!
No target in view!
Your transformation has ended.
p - 3 scrolls labeled HEIFAF NA DYUL (gained 1) MP restored: 8
w - a scroll labeled VACWAM ACAEN Mortelune's ghost (amateur Draconian Fire Elementalist) comes into view.
It is wielding a weapon of draining.
Mortelune's ghost turns its malevolent gaze towards you.
You tentacle-slap mortelune's ghost.
Mortelune's ghost is lightly damaged.
Mortelune's ghost hits you!
You feel drained.
You take 10 damage, and have 23/33 hp.
MASSIVE DAMAGE!!
Mortelune's ghost hits you!
You feel drained.
* * * LOW HITPOINT WARNING * * *
You take 10 damage, and have 13/33 hp.
MASSIVE DAMAGE!!
Mortelune's ghost casts a spell at you. The puff of flame hits you!
You die...

.......█ █.....█ █........█
.██....█ █.....█ █........█
██████.█ █.█.███ █........█
.██ █.███...█ █........█
..████......██████........█
..........................█
......████..████W.........█
......████.██ █.█........█
.)......██.█ █@█........█
....███.██.█ █..██████████
......█ .█.. .$.██
...██.......████ ..██ ███..
..█ █ . █.█). [...█ ....█


You could see mortelune's ghost.

Vanquished Creatures
  A bullfrog (D:2)
  Terence (D:2)
  3 adders
  A worm (D:2)
  2 dart slugs
  2 leopard geckos
  2 ball pythons
  2 giant cockroaches (D:1)
  9 goblins
  11 hobgoblins
  10 jackals
  6 kobolds
  A quokka (D:3)
  8 bats
  8 frilled lizards
  9 rats
76 creatures vanquished.

Notes
Turn   | Place    | Note
-------+----------+-------------------------------------------
     0 | D:1      | Goblin1989 the Octopode Transmuter began the quest for the Orb.
     0 | D:1      | Reached XP level 1. HP: 13/13 MP: 3/3
   240 | D:1      | Reached XP level 2. HP: 17/18 MP: 5/5
   300 | D:1      | Reached skill level 3 in Transmutations
   424 | D:1      | Reached XP level 3. HP: 9/23 MP: 6/6
   428 | D:1      | Learned a level 2 spell: Sticks to Snakes
   625 | D:1      | Learned a level 3 spell: Spider Form
  1497 | D:2      | Reached skill level 4 in Transmutations
  1598 | D:2      | Noticed Terence
  1609 | D:2      | Killed Terence
  1609 | D:2      | Reached XP level 4. HP: 19/28 MP: 4/7
  1787 | D:2      | Found a runed door.
  1957 | D:2      | Noticed a bullfrog
  1966 | D:2      | Killed a bullfrog
  1966 | D:2      | Reached skill level 5 in Transmutations
  1966 | D:2      | Reached XP level 5. HP: 15/33 MP: 4/8
  3353 | D:3      | Noticed mortelune's ghost (amateur DrFE)
  3358 | D:3      | Killed from afar by mortelune's ghost

Vault maps used:
D:1:      minmay_arrival_plants_in_alcoves
D:2:      minmay_misc_feat_five, minmay_misc_feat_doors,
          uniq_crazy_yiuf_cottage, uniq_terence

Skill      XL: |  1  2  3  4 |
---------------+-------------+-----
Transmutations | 3 4 5 |  5.4
Fighting       | |  1.2
Dodging        | |  2.1
Unarmed Combat | |  3.3
Spellcasting   | |  2.0

Action                   |  1- 3 |  4- 6 || total
-------------------------+-------+-------++-------
Melee: Unarmed           |    88 |    93 ||   181
       Constrict         |    19 |    15 ||    34
       Tentacles         |    10 |     6 ||    16
       Kick              |     1 |       ||     1
       Punch             |     1 |     1 ||     2
 Cast: Beastly Appendage |     3 |       ||     3
       Spider Form       |     3 |    10 ||    13
       Sticks to Snakes  |     1 |       ||     1
 Stab: Sleeping          |     8 |     5 ||    13
  Eat: Chunk             |     2 |     8 ||    10
Armor: Skin              |     8 |     8 ||    16
Dodge: Dodged            |    58 |    75 ||   133

Table legend:
 A = Spawn XP
 B = Non-spawn XP
 C = Spawn XP percentage of total XP
 D = Spawn monster count
 E = Non-spawn monster count
 F = Spawn count percentage of total count
 G = Total turns spent on level
                    A         B        C        D         E        F      G
               +---------+---------+-------+---------+---------+-------+---------
         Total |       0 |     287 |   0.0 |       0 |      76 |   0.0 |  3358
               +---------+---------+-------+---------+---------+-------+---------
           D:1 |       0 |      62 |   0.0 |       0 |      36 |   0.0 |  1462
           D:2 |       0 |     187 |   0.0 |       0 |      25 |   0.0 |  1439
           D:3 |       0 |      38 |   0.0 |       0 |      15 |   0.0 |   457
               +---------+---------+-------+---------+---------+-------+---------

Vault maps used:
D:1:      minmay_arrival_plants_in_alcoves
D:2:      minmay_misc_feat_five, minmay_misc_feat_doors,
          uniq_crazy_yiuf_cottage, uniq_terence
